 Dungeon Crawl Stone Soup version 0.19-a0-1686-g35356ef (webtiles) character file.

47 MistressOfTheDunes the Insei (level 3, -9/29 HPs)
             Began as a Mummy Monk on Sept 25, 2016.
             Mangled by a goblin
             ... wielding a +0 club
             ... led by Robin
              (10 damage)
             ... on level 2 of the Dungeon.
             The game lasted 00:01:15 (1402 turns).

MistressOfTheDunes the Insei (Mummy Monk)           Turns: 1402, Time: 00:01:15

Health: -9/29      AC:  1    Str: 14    XL:     3   Next: 48%
Magic:  3/3        EV: 13    Int:  9    God:
Gold:   61         SH:  0    Dex: 15    Spells: 0 memorised, 2 levels left

rFire  . . .     SeeInvis .       - Unarmed
rCold  + . .     Gourm    .     (no armour)
rNeg   + + +     Faith    .     (no shield)
rPois  ∞         Spirit   .     (no helmet)
rElec  .         Dismiss  .     (no cloak)
rCorr  .         Reflect  .     (no gloves)
MR     .....     Harm     .     (no boots)
Stlth  ++........               (no amulet)
                                d - ring of protection from fire
                                (no ring)

@: no status effects
A: no food or potions, fire vulnerability, cold resistance 1, negative energy
resistance 3, torment resistance, unbreathing
a: no special abilities


You were on level 2 of the Dungeon.
You were not hungry.

You visited 1 branch of the dungeon, and saw 2 of its levels.

You collected 61 gold pieces.


Innate Abilities, Weirdness & Mutations

You do not eat or drink.
Your flesh is vulnerable to fire.
You are immune to poison.
Your flesh is cold resistant. (rC+)
You are immune to negative energy. (rN+++)
You are immune to unholy pain and torment.
You can survive without breathing.


   Skills:
 - Level 3.0 Fighting
 - Level 2.4 Dodging
 - Level 1.5 Stealth
 + Level 3.7 Unarmed Combat


You had 2 spell levels left.
You didn't know any spells.

Inventory:

Jewellery
 d - a ring of protection from fire (right hand)
Scrolls
 a - 3 scrolls of teleportation {unknown}
 b - a scroll of recharging {unknown}
 c - a scroll of enchant weapon {unknown}
 f - 2 scrolls of identify {unknown}

Dungeon Overview and Level Annotations

Branches:
Dungeon (2/15)

Altars:

Annotations:
D:2 Robin ▒.▒ ▒.▒ ▒.▒ ▒.▒ ▒.▒ ▒.▒ ▒.▒▒ ▒..▒▒▒▒▒▒▒▒ ▒..▒ ▒gggg.g)g▒

▒▒.▒
▒.▒▒▒▒▒▒M▒
▒.▒ ▒.▒
▒†▒ ▒.▒
▒▒▒.▒ ▒.▒
▒...▒▒ ▒.▒
.....▒▒▒
▒.▒
...(.....
▒.▒
.....▒▒▒▒
▒.▒ ▒...▒▒
▒.▒


You could see Robin, a hobgoblin and 4 goblins.


Message History

The goblin hits you but does no damage! The goblin completely misses you!
You pummel the goblin like a punching bag!
You annihilate the goblin!!!
Robin throws the goblin at you!!! The goblin hits you with a dagger!!!
The goblin hits you with a dagger!
You closely miss the goblin!
Robin roars a battlecry!!!
The goblin barely misses you! x2
You pummel the goblin like a punching bag!
You annihilate the goblin!!!
Robin points! "Annihilate!!!"
Robin throws the goblin at you!!! The goblin completely misses you!
The goblin hits you with a dagger! * * * don't die
* * * A hobgoblin comes into view! It is wielding a club!
You closely miss the goblin! The goblin closely misses you!
The goblin hits you but does no damage!
You barely miss the goblin!
The goblin hits you with a dagger!!! * * * don't die
* * * The goblin hits you but does no damage!
The hobgoblin moves out of view!
You squash the goblin like an ant!
You annihilate the goblin!!!
The goblin barely misses you!
Robin throws the goblin at you!!! * * * don't die
* * * The goblin hits you but does no damage!
Items here: ))) ††† a dagger x3; a goblin corpse x3
The goblin hits you with a club!!! rip

Action                   || total
-------------------------++-------
Melee: Unarmed           ||   117
 Stab: Sleeping          ||     3
Armor: Skin              ||    15
Dodge: Dodged            ||    76

Vault maps used:
D:1:      tarquinn_simple_flora_water_f
D:2:      gammafunk_temple_overflow_statue, first_bread, ecumenical_altar_2,
          uniq_robin

Notes
Turn   | Place    | Note
-------+----------+-------------------------------------------
     0 | D:1      | MistressOfTheDunes the Mummy Monk began the quest for the Orb.
     0 | D:1      | Reached XP level 1. HP: 18/18 MP: 1/1
   124 | D:1      | Reached XP level 2. HP: 19/24 MP: 2/2
   232 | D:1      | Reached skill level 3 in Unarmed Combat
  1043 | D:2      | Found a faded altar of an unknown god.
  1084 | D:2      | Reached XP level 3. HP: 28/29 MP: 3/3
  1389 | D:2      | Noticed Robin
  1401 | D:2      | HP: 1/29 [Robin/goblin (2)]
  1402 | D:2      | Mangled by a goblin

Vanquished Creatures
  An adder (D:2)
  3 dart slugs
  A leopard gecko (D:2)
  5 giant cockroaches
  7 goblins
  2 hobgoblins
  4 bats (D:2)
  4 frilled lizards
  A kobold (D:1)
  2 rats (D:1)
30 creatures vanquished.
